[Event "Live Chess"]
[Site "Chess.com"]
[Date "2023.05.21"]
[Round "-"]
[White "domrobson"]
[Black "JohanKjeldahl"]
[Result "0-1"]
[WhiteElo "1729"]
[BlackElo "1868"]
[TimeControl "300"]
[EndTime "17:13:14 PDT"]
[Termination "JohanKjeldahl won by resignation"]

1. d4 Nf6 2. c4 e5 3. dxe5 Ng4 4. Bf4 Nc6 5. Nf3 Bb4+ 6. Nbd2 Qe7 7. e3 Ngxe5 8. Nxe5 Nxe5 9. Be2 d6 10. O-O O-O 11. Nb3 a5 12. a3 Bc5 13. Nxc5 dxc5 14.
Qd5 Ng6 15. Bg3 Be6 16. Qxb7 Rab8 17. Qxc7 Qxc7 18. Bxc7 Rxb2 19. Bf3 Bxc4 20. Rfc1 Bb3 21. Rxc5 a4 22. Bd6 Rd8 23. Rac1 0-1

[Event "Live Chess"]
[Site "Chess.com"]
[Date "2023.05.21"]
[Round "-"]
[White "Man-Del-Brot"]
[Black "DerbyKnight"]
[Result "0-1"]
[WhiteElo "1066"]
[BlackElo "1575"]
[TimeControl "300"]
[EndTime "17:13:53 PDT"]
[Termination "DerbyKnight won by resignation"]

1. d4 d5 2. Nf3 Nf6 3. Be3 Bf5 4. Bf4 e6 5. e3 Bd6 6. Ne5 c5 7. c3 O-O 8. Nd2 Qc7 9. Ndf3 Nbd7 10. Nxd7 Qxd7 11.
Ne5 Qc7 12. Bd3 Bxd3 13. Qxd3 cxd4 14. exd4 Rac8 15. O-O Rfd8 16. h3 Ne4 17. Rac1 f6 18.
f3 fxe5 19. dxe5 Bxe5 20. Bxe5 Qxe5 21. fxe4 dxe4 22. Qe3 Rd3 23. Qxa7 e3 24. Qxb7 Rf8 25. Rf7 Rxf7 26. Qb3 e2 27. c4 Rxb3 0-1

[Event "Live Chess"]
[Site "Chess.com"]
[Date "2023.05.21"]
[Round "-"]
[White "LiamClery2020"]
[Black "DaveL5678"]
[Result "1-0"]
[WhiteElo "2028"]
[BlackElo "997"]
[TimeControl "300"]
[EndTime "17:14:07 PDT"]
[Termination "LiamClery2020 won by checkmate"]

1. e4 e6 2. d4 d5 3. Nd2 c5 4. c3 cxd4 5. cxd4 dxe4 6. Nxe4 Qb6 7. Nf3 Bb4+ 8. Bd2 Nc6 9. a3 Bxd2+ 10. Qxd2 Ke7 11.
Ne5 Nxe5 12. dxe5 Nh6 13. Qg5+ Kf8 14. Rd1 Nf5 15. Rd8+ Qxd8 16. Qxd8# 1-0

[Event "Live Chess"]
[Site "Chess.com"]
[Date "2023.05.21"]
[Round "-"]
[White "grillage"]
[Black "Tilbs_12"]
[Result "0-1"]
[WhiteElo "1818"]
[BlackElo "1557"]
[TimeControl "300"]
[EndTime "17:14:08 PDT"]
[Termination "Tilbs_12 won on time"]

1. d4 d5 2. Nf3 Nf6 3. c4 c6 4.
Qc2 e6 5. Bg5 Be7 6. e3 Ne4 7.
Bxe7 Qxe7 8. Nc3 f5 9. Ne5 Nd7 10. Nxd7 Bxd7 11. O-O-O Qh4 12. g3 Qh6 13. Kb1 O-O-O 14.
c5 Qf6 15. f3 Ng5 16. Be2 h5 17. h4 Nf7 18. Qa4 Kb8 19. Ka1 g5 20. b4 e5 21.
b5 cxb5 22. Bxb5 Bxb5 23. Nxb5 a6 24. Nc3 Qc6 25. Qb3 exd4 26. exd4 g4 27. f4 Rhe8 28. Rde1 Re6 29. Rxe6 Qxe6 30. Rb1 Qc6 31. Re1 Nh6 32. Re7 Ng8 33. Re5 Nf6 34. Rxf5 Ne4 35. Rxd5 Rxd5 36. Nxd5 Nxg3 37. Ne7 Qh1+ 38. Kb2 Qxh4 39. Qe6 Qh2+ 40.
Ka3 Qh1 41. Qd6+ Ka8 42. Qd8+ Ka7 43. Qb6+ Kb8 44. Nc6+ Kc8 45. Ne7+ Kd7 46. Qd6+ Ke8 47. Nd5 Qxd5 0-1

[Event "Live Chess"]
[Site "Chess.com"]
[Date "2023.05.21"]
[Round "-"]
[White "wot-not"]
[Black "gmnorfolk"]
[Result "0-1"]
[WhiteElo "1544"]
[BlackElo "2118"]
[TimeControl "300"]
[EndTime "17:14:24 PDT"]
[Termination "gmnorfolk won by resignation"]

1. e4 c5 2. f4 d5 3. e5 Nc6 4. Nf3 Bg4 5. Bb5 Qb6 6. Bxc6+ Qxc6 7.
O-O e6 8. d4 cxd4 9. Nbd2 h5 10.
Nb3 Bc5 11. Nxc5 Qxc5 12. Kh1 Bxf3 13. Qxf3 Nh6 14. Qb3 O-O-O 15. Bd2 h4 16. Bb4 Qb6 17. a4 a5 18. Bd6 Qxb3 19. cxb3 Nf5 20. Bc5 Rh5 21.
Bb6 Ng3+ 22. hxg3 hxg3+ 23. Kg1 Rdh8 24. Rfc1+ Kb8 25. Kf1 Rf5 26. Bc7+ Ka7 27. Bxa5 Rxf4+ 28.
Ke2 Rh2 29. Rg1 Rf2+ 30. Kd3 Rxb2 31. Kxd4 Rhxg2 32. Rxg2 Rxg2 33. Kc5 Rc2+ 34. Kd6 b6 35. Bb4 Rb2 36. a5 Rxb3 37. axb6+ Kxb6 38. Bc5+ Kb5 39. Bg1 Rf3 40. Ke7 g5 41. Kd6 Kc4 42. Rd1 Kc3 43. Ke7 Kc2 44. Ra1 Kd2 45. Kf8 Ke2 46. Kg7 Rf5 47.
Bd4 g2 48. Kh6 Rf1 49. Ra2+ Kf3 50. Kxg5 g1=Q+ 51. Bxg1 Rxg1+ 52. Kf6 Ke4 53. Re2+ Kd3 54. Rh2 Rf1+ 55. Ke7 d4 56. Rh3+ Kc4 57. Rh8 d3 58. Rc8+ Kd4 59. Rd8+ Kxe5 60. Rxd3 Rf5 61. Re3+ Kf4 62.
Ra3 e5 63. Kd6 e4 64. Ra4 Kf3 65. Ra8 e3 66. Re8 e2 67. Re7 Kf2 68. Re4 e1=Q 69. Rxe1 Kxe1 0-1

[Event "Live Chess"]
[Site "Chess.com"]
[Date "2023.05.21"]
[Round "-"]
[White "LL220284LL"]
[Black "xx_blindpuffin_xx"]
[Result "0-1"]
[WhiteElo "2322"]
[BlackElo "2221"]
[TimeControl "300"]
[EndTime "17:14:28 PDT"]
[Termination "xx_blindpuffin_xx won by resignation"]

1. e4 c6 2. Nf3 d5 3. d3 dxe4 4. dxe4 Qxd1+ 5. Kxd1 g6 6. Nbd2 Bg7 7. c3 Nf6 8. Kc2 Ng4 9. Bc4 O-O 10. Rf1 Nd7 11. h3 Nge5 12. Nxe5 Nxe5 13. Bb3 a5 14. a4 Rd8 15. f4 Nd3 16. Nc4 Nc5 17. Nb6 Nxb3 18. Kxb3 Be6+ 19. Kc2 Ra6 20. Be3 f5 21. e5 Bd5 22.
Rfd1 e6 23. c4 Be4+ 24. Kc3 Rxd1 25. Rxd1 Bf8 26. Rd7 c5 27. Rd8 Kf7 28. Nd7 Be7 29.
Rc8 Bxg2 30. h4 Bxh4 31. Nxc5 Rc6 32. Rh8 h5 33. Nxb7 Kg7 34. Rb8 Be1+ 35. Kb3 Rc7 36. Nd6 Rd7 37. Ne8+ Kf7 38. Nf6 Rb7+ 39. Rxb7+ Bxb7 40. Bg1 h4 41. c5 Bc6 42. Kc2 Bg3 43. Kd3 Bxf4 44. Kd4 h3 45. b3 0-1

[Event "Live Chess"]
[Site "Chess.com"]
[Date "2023.05.21"]
[Round "-"]
[White "Olisingapore"]
[Black "ClassyChameleon"]
[Result "0-1"]
[WhiteElo "1803"]
[BlackElo "1104"]
[TimeControl "300"]
[EndTime "17:14:51 PDT"]
[Termination "ClassyChameleon won by resignation"]

1. d4 d5 2. c4 e6 3. Nf3 c6 4. g3 Bd6 5. Bg2 Nf6 6. O-O O-O 7. Qd3 b5 8. cxb5 cxb5 9. Qxb5 Ba6 10. Qb3 Bxe2 11. Re1 Bxf3 12. Bxf3 Nc6 13. Qd3 Nb4 14. Qd1 Rc8 15. Na3 Nd7 16. Nb5 Nb6 17. Nxa7 Rc4 18. b3 Rc3 19. Nb5 Rxf3 20. Qxf3 Nc2 21. Nxd6 Nxe1 22.
Ba3 Nxf3+ 0-1

[Event "Live Chess"]
[Site "Chess.com"]
[Date "2023.05.21"]
[Round "-"]
[White "CheckThis4"]
[Black "1600x"]
[Result "0-1"]
[WhiteElo "2525"]
[BlackElo "1852"]
[TimeControl "300"]
[EndTime "17:15:04 PDT"]
[Termination "1600x won on time"]

1. d4 d5 2. Nc3 Nf6 3. e4 dxe4 4. f3 exf3 5. Nxf3 e6 6. Bg5 c6 7. Bd3 Nbd7 8. Qe2 h6 9. Bh4 Be7 10. O-O-O b5 11. Kb1 a5 12. Rhe1 a4 13. Ne4 Bb7 14.
Bxf6 gxf6 15. Nh4 f5 16. Nxf5 Nf6 17. Nxe7 Qxe7 18. Nc5 O-O-O 19. c3 a3 20. b4 Nd7 21. Qf3 Nxc5 22. dxc5 Kb8 23. Be4 Rxd1+ 24. Rxd1 Rc8 25. Rd6 Ka7 26. c4 f5 27. Qxa3+ Kb8 28. cxb5 fxe4 29. b6 Ba8 30. Qg3 Qg5 31. Qxg5 hxg5 32. Rxe6 Rf8 33. Rxe4 Rf1+ 34. Kb2 Rf2+ 35. Kb3 Rxg2 36. h4 gxh4 37. Rxh4 Rg3+ 38. Kc4 Ra3 39. Rh8+ Kb7 40.
Rh2 Ka6 41. Kd4 Ra4 42. Rb2 Kb5 43. Ke5 Ka6 44. Kd6 Kb7 45. Kd7 Ra3 46. Rd2 Ra4 47. b5 cxb5 48. c6+ Kxb6 49. c7 Bc6+ 50. Kd8 Rh4 51.
c8=Q Rh8+ 52. Ke7 Rxc8 53. Rb2 Ra8 54. Kd6 Ra4 55. Ke5 Kc5 56. Rc2+ Rc4 57. Rd2 b4 58. Ke6 Re4+ 59. Kf5 Re1 60. Rc2+ Kb5 61. Kf4 Re4+ 62. Kf5 Re8 63. Kf4 Bd5 64. Rd2 Kc5 65. Rc2+ Kd4 66.
Rd2+ Kc4 67. Rc2+ Kd3 68. Rb2 Re4+ 69. Kf5 Kc3 70. Rh2 Re1 71. Rh3+ Kb2 72. Rh2+ Ka3 73. Rd2 Bxa2 74. Kf4 b3 75. Kf3 b2 0-1

[Event "Live Chess"]
[Site "Chess.com"]
[Date "2023.05.21"]
[Round "-"]
[White "EdenHazard8"]
[Black "LodeshChess"]
[Result "1-0"]
[WhiteElo "2006"]
[BlackElo "1119"]
[TimeControl "300"]
[EndTime "17:15:07 PDT"]
[Termination "EdenHazard8 won by resignation"]

1. e4 c6 2. d4 d5 3. e5 Bf5 4. h4 h6 5. Bd3 Bxd3 6. Qxd3 e6 7. Nf3 c5 8. c3 Nc6 9. Be3 Qb6 10. Nbd2 cxd4 11. cxd4 Nge7 12. a3 Nf5 13. b4 Nxe3 14.
fxe3 Be7 15. O-O O-O 16. Nb3 Qd8 17. Nc5 Bxh4 18. Nxb7 Qe7 19. Nd6 Bg5 20. Rac1 Nd8 21. Nc8 Qb7 22. Nxg5 hxg5 23. Nd6 Qd7 24. Kh2 Nb7 25.
Nxb7 Qxb7 26. Rh1 f6 27. exf6 Rxf6 28. Kg1 Rc8 29. Qh7+ Kf7 30. Qh5+ Kg8 31. Qh8+ Kf7 32. Qxc8 Qxc8 33. Rxc8 1-0

[Event "Live Chess"]
[Site "Chess.com"]
[Date "2023.05.21"]
[Round "-"]
[White "LL220284LL"]
[Black "wot-not"]
[Result "1-0"]
[WhiteElo "2322"]
[BlackElo "1544"]
[TimeControl "300"]
[EndTime "17:15:57 PDT"]
[Termination "LL220284LL won by resignation"]

1. Nf3 Nf6 2. g3 d6 3. Bg2 e5 4. O-O Be7 5. d3 Nbd7 6. c4 c5 7. Nc3 Nf8 8. Re1 Ng6 9. a3 h5 10. h4 O-O 11. b4 b6 12. Ng5 Nh7 13. Nxh7 Kxh7 14. Bxa8 Bh3 15. Bh1 Bxh4 16. e4 Bg5 17. Qxh5+ 1-0

[Event "Live Chess"]
[Site "Chess.com"]
[Date "2023.05.21"]
[Round "-"]
[White "Doge_Dandolo"]
[Black "AbilifyXL"]
[Result "1/2-1/2"]
[WhiteElo "1966"]
[BlackElo "1945"]
[TimeControl "300"]
[EndTime "17:16:07 PDT"]
[Termination "Game drawn by agreement"]

1. Nf3 d5 2. c4 c6 3. g3 Nf6 4. Bg2 Bf5 5. Qb3 b6 6. Ne5 e6 7.
d4 Bd6 8. Bf4 O-O 9. Nc3 Qe7 10.
O-O Rc8 11. Rac1 Nbd7 12. Nxd7 Qxd7 13. Bxd6 Qxd6 14. cxd5 cxd5 15. Nb5 Qd7 16. a4 h6 17. e3 Be4 18. Rc3 Bxg2 19. Kxg2 Ne4 20. Rxc8+ Rxc8 21. Rd1 Nd6 22. Rd3 Nc4 23. Rc3 a6 24. Na3 Nxa3 25.
Qxa3 Rxc3 26. Qxc3 Qxa4 27. b3 Qd7 28. Kf3 Kf8 29.
Qb4+ Ke8 30. Qxb6 Qb5 1/2-1/2

[Event "Live Chess"]
[Site "Chess.com"]
[Date "2023.05.21"]
[Round "-"]
[White "chessfiction"]
[Black "LutherSullivan"]
[Result "1-0"]
[WhiteElo "2337"]
[BlackElo "2103"]
[TimeControl "300"]
[EndTime "17:16:42 PDT"]
[Termination "chessfiction won on time"]

1. e4 c5 2. d4 cxd4 3. c3 dxc3 4. Nxc3 Nc6 5. Bg5 Nf6 6. Bc4 Qa5 7. Nf3 Nxe4 8. Qd5 Nxg5 9. Nxg5 e6 10. Qxa5 Nxa5 11. Be2 a6 12. Bf3 Be7 13. h4 d5 14. O-O Bd7 15. Rac1 Nc4 16. Bxd5 exd5 17. Nxd5 Rc8 18. Rfe1 Be6 19. Nxe6 fxe6 20. Rxe6 Kd7 21. Rxe7+ Kd6 22. Rd1 Nxb2 23. Rd4 Rc4 24. Rd2 Rc1+ 25. Kh2 Nc4 26. Rd3 Kc5 27. Rc7+ Kb5 28. Rb3+ Ka4 29. Nc3+ Ka5 30.
Rxc4 b5 31. Rc6 Rd8 32. a4 b4 33. Rxb4 1-0

[Event "Live Chess"]
[Site "Chess.com"]
[Date "2023.05.21"]
[Round "-"]
[White "EdenHazard8"]
[Black "ClassyChameleon"]
[Result "0-1"]
[WhiteElo "1990"]
[BlackElo "1120"]
[TimeControl "300"]
[EndTime "17:16:55 PDT"]
[Termination "ClassyChameleon won by checkmate"]

1. e4 e5 2. Nf3 Nc6 3. Bc4 Nf6 4. Ng5 Nxe4 5. Nxf7 Qh4 6. Qf3 Nd4 7. Nd6+ Bxd6 8.
Qf7+ Kd8 9. O-O Rf8 10. Qd5 Nxf2 11. d3 Ne2# 0-1

[Event "Live Chess"]
[Site "Chess.com"]
[Date "2023.05.21"]
[Round "-"]
[White "raminguy"]
[Black "educatedlad"]
[Result "1-0"]
[WhiteElo "1951"]
[BlackElo "1636"]
[TimeControl "300"]
[EndTime "17:17:20 PDT"]
[Termination "raminguy won by resignation"]

1. d4 d5 2. Nc3 Nf6 3. Bf4 e6 4. Nb5 Bb4+ 5. c3 Ba5 6. a4 a6 7.
b4 axb5 8. axb5 b6 9. bxa5 Rxa5 10. Rxa5 bxa5 11. Qa4 Bd7 12. Qxa5 O-O 13. e3 Nh5 14.
Bxc7 Qc8 15. b6 Nc6 16. Qa6 Nf6 17. Qxc8 Rxc8 18. Bb5 Nb8 19. Bxd7 Nfxd7 20. Nf3 Na6 21. O-O Nxc7 22. bxc7 Rxc7 23. Ra1 Rxc3 24. Ra8+ Nf8 25. g4 Rc1+ 26. Kg2 g6 27. Ne5 Kg7 28. Ra7 Rc8 29. Rxf7+ Kh8 30. h4 g5 31. h5 h6 32. Rxf8+ Rxf8 33. Ng6+ Kg7 34. Nxf8 Kxf8 35. Kg3 Kf7 36. f4 Kf6 37.
Kf3 gxf4 38. Kxf4 Kf7 39. Ke5 Ke7 40. e4 dxe4 41. Kxe4 Kf6 42. Kf4 Kf7 43. Ke5 Ke7 44. d5 exd5 45. Kxd5 Kf6 46. Ke4 Kg5 47. Kf3 Kh4 48.
Kf4 Kh3 49. g5 Kh4 50. gxh6 Kxh5 51. h7 Kg6 52. h8=R Kg7 53. Rh5 Kg6 54. Rg5+ Kf6 55.
Kg4 Kf7 56. Kf5 Ke7 57. Rg6 Kd7 58. Re6 Kc7 59. Ke5 1-0

[Event "Live Chess"]
[Site "Chess.com"]
[Date "2023.05.21"]
[Round "-"]
[White "blowerd"]
[Black "mikkyb4"]
[Result "1-0"]
[WhiteElo "1395"]
[BlackElo "1034"]
[TimeControl "300"]
[EndTime "17:17:23 PDT"]
[Termination "blowerd won by resignation"]

1. e4 g6 2. Nf3 Bg7 3. Nc3 d6 4. Bc4 e6 5. d4 a6 6. Bf4 b5 7. Bb3 Bb7 8. e5 d5 9. O-O Nd7 10. Re1 c5 11. dxc5 Nxc5 12. Nd4 Ne7 13. a4 b4 14. Na2 a5 15. Qd2 O-O 16. Nb5 Ne4 17. Qe2 Qb6 18. Be3 Nc5 19. Nd6 Bxe5 20. Nxb7 Qxb7 21. Bxc5 Bg7 22. Bxe7 Qxe7 23. Rab1 Qc7 24. c3 e5 25. cxb4 e4 26. Bxd5 Rad8 27. Bxe4 Rfe8 28. bxa5 Qxa5 29. Qb5 Qd2 30. Qb4 Qf4 31. Bc6 Rxe1+ 32. Rxe1 Qxb4 33. Nxb4 Bxb2 34. Re8+ Rxe8 35. Bxe8 Ba3 36.
Nc6 Kf8 37. Bd7 Bc5 1-0

[Event "Live Chess"]
[Site "Chess.com"]
[Date "2023.05.21"]
[Round "-"]
[White "LiamBellwood"]
[Black "sanjesh_ananda"]
[Result "1-0"]
[WhiteElo "2057"]
[BlackElo "1340"]
[TimeControl "300"]
[EndTime "17:17:28 PDT"]
[Termination "LiamBellwood won on time"]

1. d4 d5 2. Nc3 Nf6 3. Bf4 e6 4. Nb5 Na6 5. a3 c6 6. Nc3 Qa5 7. e3 Ne4 8. Qd3 Nb4 9. Qd1 Nxc3 10. axb4 Bxb4 11. Rxa5 Nxd1+ 12. Kxd1 Bxa5 13. Nf3 f6 14. Bd3 b5 15. c3 b4 16. Kc2 bxc3 17. Ra1 Bb6 18. bxc3 g5 19. Bd6 Kd7 20. Bg3 h5 21.
h4 g4 22. Nd2 a5 23. c4 a4 24. Nb1 f5 25. Be5 Rh7 26. Nc3 a3 27. cxd5 cxd5 28.
Bb5+ Ke7 29. Bf4 Kf8 30. Bd6+ Kg8 31. Bd3 Rha7 32. Nb5 Ra5 33. Nxa3 Rxa3 34. Rxa3 1-0

[Event "Live Chess"]
[Site "Chess.com"]
[Date "2023.05.21"]
[Round "-"]
[White "LiamClery2020"]
[Black "grillage"]
[Result "1-0"]
[WhiteElo "2032"]
[BlackElo "1814"]
[TimeControl "300"]
[EndTime "17:17:37 PDT"]
[Termination "LiamClery2020 won by resignation"]

1. e4 d5 2. exd5 Qxd5 3. Nc3 Qd8 4. d4 Nf6 5. Bc4 a6 6. Nf3 b5 7. Bb3 c5 8. dxc5 Qxd1+ 9. Nxd1 e6 10. Be3 Bb7 11.
a4 b4 12. c3 Nc6 13. Nd4 Bxc5 14. Nxe6 Bd6 15. Nxg7+ Kf8 16. Nf5 Be5 17. Bc5+ Ke8 18. O-O Nd7 19. Bxb4 Nxb4 20. cxb4 Rg8 21. Nde3 Bxb2 22.
Nd6+ 1-0

[Event "Live Chess"]
[Site "Chess.com"]
[Date "2023.05.21"]
[Round "-"]
[White "CeladonFish"]
[Black "Hussamalhaidar"]
[Result "1/2-1/2"]
[WhiteElo "1108"]
[BlackElo "1071"]
[TimeControl "300"]
[EndTime "17:17:44 PDT"]
[Termination "Game drawn by repetition"]

1. d4 e5 2. dxe5 d6 3. exd6 Bxd6 4. Nc3 Nc6 5. Nb5 Bb4+ 6. c3 Qxd1+ 7. Kxd1 Ba5 8. b4 Bb6 9. Be3 Bf5 10. Bxb6 Rd8+ 11. Kc1 axb6 12. Nxc7+ Kf8 13. Kb2 Nf6 14. Nf3 Ne4 15. Nd4 Nxd4 16. cxd4 Nxf2 17. Rg1 Rxd4 18.
Rc1 Rxb4+ 19. Ka3 Re4 20. h3 Re5 21. g4 Ra5+ 22. Kb2 Be4 23. Bg2 Bxg2 24. Rxg2 Ne4 25. Ne6+ fxe6 26. Rc8+ Ke7 27. Rxh8 Rb5+ 28. Ka3 Nc3 29.
Rxh7 Nb1+ 30. Ka4 Nc3+ 31. Ka3 Nb1+ 32. Ka4 Nc3+ 33. Ka3 1/2-1/2

[Event "Live Chess"]
[Site "Chess.com"]
[Date "2023.05.21"]
[Round "-"]
[White "CheckThis4"]
[Black "Fazer180"]
[Result "1-0"]
[WhiteElo "2525"]
[BlackElo "1742"]
[TimeControl "300"]
[EndTime "17:18:10 PDT"]
[Termination "CheckThis4 won by resignation"]

1. d4 e6 2. Nc3 d5 3. e4 dxe4 4. Nxe4 Nf6 5. Nxf6+ Qxf6 6. Nf3 Nc6 7. Bg5 Qf5 8. Bd3 Qa5+ 9. c3 Be7 10. Bxe7 Nxe7 11. O-O O-O 12. Re1 Bd7 13. Re5 Qb6 14. Bxh7+ Kh8 15. Rh5 g6 16. Bxg6+ Kg7 17. Be4 Rh8 18. Rg5+ Ng6 19. Bxg6 fxg6 20. Ne5 Be8 21. Qg4 Qxb2 22. Rf1 Rh6 23. Qxe6 Qb6 24. Qe7+ Kg8 25. Ng4 Rh7 26. Nf6+ 1-0

[Event "Live Chess"]
[Site "Chess.com"]
[Date "2023.05.21"]
[Round "-"]
[White "Pablo_dmp"]
[Black "KGreenGator"]
[Result "0-1"]
[WhiteElo "1884"]
[BlackElo "1786"]
[TimeControl "300"]
[EndTime "17:18:16 PDT"]
[Termination "KGreenGator won on time"]

1. e4 c5 2. a3 Nc6 3. b4 cxb4 4.
axb4 Nxb4 5. c3 Nc6 6. d4 d5 7. exd5 Qxd5 8. Na3 a6 9. Nc4 Qd8 10. d5 Na7 11. Be3 Nf6 12. Nb6 Rb8 13. c4 e6 14.
Nf3 Bd6 15. c5 Bc7 16. Nxc8 Nxc8 17. d6 Ba5+ 18. Bd2 Bxd2+ 19. Qxd2 O-O 20. Bd3 e5 21.
Nxe5 Re8 22. f4 Nd7 23. O-O Nxe5 24. fxe5 Rxe5 25. Qc3 f6 26. Rae1 Rxe1 27. Rxe1 Na7 28. Bc4+ Kh8 29. Qe3 Nc6 30. Bd5 Ne5 31. Rb1 b5 32. h3 h6 33. Qg3 a5 34. Qf4 Nd3 35.
Qd4 Ne5 36. Be6 b4 37. Qd5 Qe8 38. c6 Qxc6 39. Qxc6 Nxc6 40. Bd7 Ne5 41. Ba4 Rd8 42. Rd1 Nc4 43. d7 Nb6 44. Bb5 Kg8 45. Rd6 Na8 46. Re6 Nc7 47. Re8+ Nxe8 48. dxe8=Q+ Rxe8 49. Bxe8 b3 50. Ba4 b2 51. Bb3+ Kf8 52. Ba2 a4 53. Kf2 a3 54.
Ke3 Ke7 55. Kd3 Kd6 56. Kc3 Ke5 57. Kb4 Kf4 58. Kxa3 Kg3 59. Kxb2 Kxg2 60. Be6 Kg3 61. Kc3 g6 62. Kd4 f5 63. Ke5 Kxh3 64. Bf7 g5 65.
Kxf5 g4 66. Be6 g3 67. Kf4+ Kh2 68. Bd5 h5 69. Bf3 h4 70. Kg4 h3 71. Kh4 g2 0-1

[Event "Live Chess"]
[Site "Chess.com"]
[Date "2023.05.21"]
[Round "-"]
[White "gmnorfolk"]
[Black "DaveL5678"]
[Result "1-0"]
[WhiteElo "2118"]
[BlackElo "997"]
[TimeControl "300"]
[EndTime "17:18:20 PDT"]
[Termination "gmnorfolk won by resignation"]

1. d4 Nf6 2. c4 e6 3. Nc3 Bb4 4. e3 Nc6 5. Nf3 Ne4 6. Qc2 Nxc3 7. bxc3 Be7 8. Bd3 g6 9. c5 f5 10. O-O d6 11. cxd6 Bxd6 12. e4 Bd7 13. d5 exd5 14.
exf5 Ne5 15. Nxe5 Bxe5 16. Re1 Qf6 17. f4 O-O-O 18. fxe5 Qe7 19. e6 Bc6 20. Qf2 Kb8 21. f6 Qd6 22. Bf4 Qc5 23. Qxc5 1-0

[Event "Live Chess"]
[Site "Chess.com"]
[Date "2023.05.21"]
[Round "-"]
[White "DerbyKnight"]
[Black "JohanKjeldahl"]
[Result "0-1"]
[WhiteElo "1569"]
[BlackElo "1871"]
[TimeControl "300"]
[EndTime "17:18:30 PDT"]
[Termination "JohanKjeldahl won by resignation"]

1. d4 Nf6 2. Nf3 e6 3. e3 b6 4.
Bd3 Bb7 5. Nbd2 d5 6. O-O Nbd7 7. b3 Bd6 8. Bb2 O-O 9. Ne5 Ne4 10. c4 f5 11. f3 Nxd2 12. Qxd2 Nxe5 13. dxe5 Bc5 14. Bd4 Bxd4 15. exd4 Qe7 16. f4 Rad8 17. Rac1 dxc4 18. Bxc4 c5 19. Qb2 Rxd4 20. Rfd1 Rfd8 21. Rxd4 Rxd4 22. g3 Qd7 23. b4 Qc6 24. b5 Qh1+ 25. Kf2 Qxh2+ 0-1

[Event "Live Chess"]
[Site "Chess.com"]
[Date "2023.05.21"]
[Round "-"]
[White "Long1968"]
[Black "jimwad"]
[Result "0-1"]
[WhiteElo "1109"]
[BlackElo "1259"]
[TimeControl "300"]
[EndTime "17:18:36 PDT"]
[Termination "jimwad won on time"]

1. e4 e5 2. f4 exf4 3. Bc4 Qh4+ 4. Kf1 Bc5 5. d4 Bb6 6. Nf3 Nf6 7. Qe2 O-O 8. g3 Qh3+ 9. Qg2 Qxg2+ 10. Kxg2 fxg3 11. hxg3 Nxe4 12. Bd3 f5 13. b3 d5 14. c4 c6 15.
Ba3 Rf7 16. Ne5 Be6 17. Nxf7 Bxf7 18. c5 Bc7 19. Bxe4 fxe4 20. Nd2 Nd7 21. Rae1 Nf6 22. Nf1 Ng4 23. Ne3 Nxe3+ 24. Rxe3 Re8 25. Rhe1 Re6 26. Bc1 Rg6 27. Bd2 h5 0-1

[Event "Live Chess"]
[Site "Chess.com"]
[Date "2023.05.21"]
[Round "-"]
[White "WelshTiger"]
[Black "laminaaprod"]
[Result "0-1"]
[WhiteElo "2348"]
[BlackElo "2238"]
[TimeControl "300"]
[EndTime "17:18:50 PDT"]
[Termination "laminaaprod won by checkmate"]

1. e4 e5 2. Nf3 d5 3. exd5 e4 4.
Qe2 Nf6 5. Nc3 Be7 6. Nxe4 Nxd5 7. Qd1 O-O 8. Be2 Nc6 9. d3 Re8 10. O-O Bf5 11. Bd2 Qd7 12. Re1 Rad8 13. Bf1 Bg6 14. Nc3 Bf6 15. Nxd5 Qxd5 16. Bc3 Bxc3 17. bxc3 Bh5 18.
Be2 Qc5 19. Qd2 b6 20. Nd4 Nxd4 21. Bxh5 Rxe1+ 22. Rxe1 Nb5 23. Bf3 Nxc3 24. g3 a5 25. Qf4 Nxa2 26. c4 Nb4 27. d4 Qxc4 28. Qg5 Rf8 29. d5 a4 30. Rc1 Qd3 31. Kg2 a3 32. Qe7 Nxd5 33. Rd1 Qxd1 34. Bxd1 Nxe7 35. Bb3 Ra8 36. Ba2 Ra7 37. Kf3 b5 38. Ke4 b4 39. Kd4 b3 40. Bxb3 a2 41. Bxa2 Rxa2 42. Ke5 Rxf2 43. Kd4 Rxh2 44. Kc5 Rg2 45. Kd4 Rxg3 46. Ke5 Rg6 47. Kf4 h5 48. Kf3 h4 49. Kf4 h3 50. Kf3 h2 51. Kf4 h1=Q 52. Ke5 Qh5+ 53. Kf4 Rg4+ 54. Kf3 Qh3+ 55. Kf2 Rg2+ 56.
Kf1 Qh1# 0-1

[Event "Live Chess"]
[Site "Chess.com"]
[Date "2023.05.21"]
[Round "-"]
[White "educatedlad"]
[Black "LiamBellwood"]
[Result "0-1"]
[WhiteElo "1635"]
[BlackElo "2058"]
[TimeControl "300"]
[EndTime "17:18:58 PDT"]
[Termination "LiamBellwood won by checkmate"]

1. e4 e6 2. d4 d5 3. e5 c5 4.
c3 Nc6 5. Nf3 Bd7 6. Be2 Nge7 7.
O-O Nf5 8. g4 Nh4 9. g5 Nxf3+ 10. Bxf3 Be7 11. h4 h6 12. dxc5 hxg5 13. Bxg5 Bxg5 14. hxg5 Qxg5+ 15. Bg2 Nxe5 16. Nd2 Qh4 17. f3 Nd3 18. Re1 Qf2# 0-1

[Event "Live Chess"]
[Site "Chess.com"]
[Date "2023.05.21"]
[Round "-"]
[White "luckywookie"]
[Black "GEMdzq"]
[Result "0-1"]
[WhiteElo "766"]
[BlackElo "2257"]
[TimeControl "300"]
[EndTime "17:19:20 PDT"]
[Termination "GEMdzq won on time"]

1. e4 d6 2. c3 Nf6 3. d3 c5 4.
Nf3 Nc6 5. Be3 g6 6. Be2 Bg7 7. O-O O-O 8. h3 Bd7 9. Nbd2 Rc8 10. Qb3 Qc7 11. Rac1 a6 12. d4 Na5 13. Qc2 cxd4 14. Bxd4 Nc6 15. e5 dxe5 16. Be3 Nd5 17. Ng5 h6 18.
Nxf7 Rxf7 19. Qxg6 Nxe3 20. fxe3 Rcf8 21. Bc4 e6 22.
Rxf7 Rxf7 23. Bxe6 Bxe6 24. Qxe6 Qd7 25. Qxd7 Rxd7 26. Ne4 Ne7 27. Nc5 Rd2 28. Nxb7 Rxb2 29. Nd6 Rxa2 30. c4 Nc6 31. c5 Re2 32. e4 Bf8 33.
Rd1 Nd4 34. Kf1 Rc2 35. g4 Rxc5 36. Nf5 Nxf5 37. exf5 Rc3 38. Kg2 e4 39. Ra1 Ra3 40. Rxa3 Bxa3 41. Kf2 Bc1 42. Ke2 a5 43. h4 a4 44. h5 a3 45. g5 Bxg5 46. f6 a2 0-1

[Event "Live Chess"]
[Site "Chess.com"]
[Date "2023.05.21"]
[Round "-"]
[White "Jo1ts"]
[Black "Cimon"]
[Result "0-1"]
[WhiteElo "801"]
[BlackElo "1861"]
[TimeControl "300"]
[EndTime "17:19:29 PDT"]
[Termination "Cimon won by checkmate"]

1. d4 Nf6 2. Bg5 d5 3. Bxf6 exf6 4. Nf3 c5 5. c3 Nc6 6. e3 Bg4 7.
Be2 Be7 8. h3 Bh5 9. g4 Bg6 10.
Nbd2 O-O 11. Qb3 Qd7 12. Rg1 c4 13. Qa4 Rfb8 14. h4 b5 15. Qd1 b4 16. h5 Be4 17.
Nxe4 dxe4 18. Nh4 bxc3 19. bxc3 Na5 20. Qc2 Qc6 21. Nf5 Ba3 22. h6 g6 23. Nh4 Rb2 24. Qc1 Rab8 25. g5 Rxe2+ 26. Kxe2 Bxc1 27. Raxc1 Rb2+ 28. Kf1 fxg5 29. Rxg5 Kf8 30. Rxa5 Qf6 31. Rf5 gxf5 32.
Ng2 Qxh6 33. a4 Qh1# 0-1

[Event "Live Chess"]
[Site "Chess.com"]
[Date "2023.05.21"]
[Round "-"]
[White "EdenHazard8"]
[Black "mikkyb4"]
[Result "1-0"]
[WhiteElo "1990"]
[BlackElo "1034"]
[TimeControl "300"]
[EndTime "17:19:36 PDT"]
[Termination "EdenHazard8 won by resignation"]

1. e4 g6 2. Bc4 Bg7 3. Qf3 e6 4. d3 a6 5. Nc3 b5 6. Bb3 Bb7 7.
Nge2 d6 8. O-O Nd7 9. Qg3 Be5 10. f4 Bg7 11. f5 exf5 12. exf5 Ngf6 13. fxg6 fxg6 14.
Bg5 Rf8 15. Nf4 c5 16. Ne6 Qb6 17. Nxg7+ Kd8 18. Ne6+ Kc8 19. Nxf8 c4+ 20. Kh1 cxb3 21. axb3 Nxf8 22. Rxf6 1-0

[Event "Live Chess"]
[Site "Chess.com"]
[Date "2023.05.21"]
[Round "-"]
[White "manthanit"]
[Black "GMHarry-youtube"]
[Result "0-1"]
[WhiteElo "1044"]
[BlackElo "2035"]
[TimeControl "300"]
[EndTime "17:19:37 PDT"]
[Termination "GMHarry-youtube won by resignation"]

1. e4 c5 2. g3 d6 3. Bg2 Nc6 4. Ne2 g6 5. d4 cxd4 6. Nxd4 Bg7 7. Nxc6 bxc6 8. Nc3 Nf6 9. Be3 O-O 10. Qd2 c5 11. O-O Rb8 12. Rab1 Ng4 13. Bf3 Nxe3 14. Qxe3 Qa5 15.
Nd5 e6 16. Ne7+ Kh8 17. Nc6 Qb5 18. Nxb8 Qxb8 19. c3 Ba6 20. Be2 Bb7 21. Bf3 a5 22.
Rfd1 Rd8 23. Rd2 h5 24. Rbd1 Kh7 25. Rc2 Qa7 26. b3 Qb6 27. c4 Bd4 28. Qe2 e5 29. h3 Bc8 30. Bxh5 gxh5 31. Qxh5+ Kg7 32. Rd3 d5 33. exd5 Qg6 34. Qxg6+ Kxg6 35. Kg2 Bf5 36. Rcd2 e4 37. Rxd4 cxd4 38. Rxd4 Kf6 39. f3 Ke5 40. Rd2 e3 41. Re2 Kd4 42. a3 Kd3 43. Re1 Kd2 44. Kf1 Bd3+ 0-1